 Dungeon Crawl Stone Soup version 0.28.0-53-g5a82cb258f (webtiles) character file.

Game seed: 15871869775200987835

3126 Plasmagod the Thaumaturge (level 10, -1/62 HPs)
             Began as a Djinni Air Elementalist on July 18, 2022.
             Slain by a gnoll sergeant
             ... wielding a +2 spear of freezing
              (4 damage)
             ... on level 7 of the Dungeon.
             The game lasted 00:18:17 (8549 turns).

Plasmagod the Thaumaturge (Djinni Air Elementalist) Turns: 8549, Time: 00:18:18

Health: -1/62      AC:  6    Str:  7    XL:     10   Next: 14%
Gold:   459        EV: 13    Int: 20    God:
                   SH:  0    Dex: 15

rFire   + + .      SeeInvis .   p - +0 dagger (drain)
rCold   x . .      Faith    .   (no shield)
rNeg    . . .      Spirit   .   a - +0 robe
rPois   ∞          Reflect  .   e - +2 helmet
rElec   .          Harm     .   (no cloak)
rCorr   .          Rampage  .   o - +0 pair of gloves
Will    +....                   (boots unavailable)
Stlth   +++.......              (no amulet)
HPRegen 0.20/turn               (no ring)
MPRegen 0.00/turn               (no ring)

@: freezing walls, flying
A: sickness immunity, fire resistance 2, cold vulnerability 1, float, innate
caster, HP casting, extra vitality 1
a: no special abilities


You were on level 7 of the Dungeon.
You visited 1 branch of the dungeon, and saw 7 of its levels.

You collected 459 gold pieces.

Inventory:

Hand Weapons
 p - a +0 dagger of draining (weapon)
Missiles
 l - a throwing net
Armour
 a - a +0 robe (worn)
 e - a +2 helmet (worn)
 o - a +0 pair of gloves (worn)
Jewellery
 t - a ring of protection from fire
 u - a +4 ring of protection
Wands
 i - a wand of flame (18)
 q - a wand of paralysis (11)
Scrolls
 c - 3 scrolls of teleportation {unknown}
 d - a scroll of identify {unknown}
 f - 2 scrolls of magic mapping {unknown}
 g - 3 scrolls of enchant weapon {unknown}
 h - 2 scrolls of noise {unknown}
 j - a scroll of fog {unknown}
 m - a scroll of brand weapon {unknown}
Potions
 b - a potion of lignification {unknown}
 k - a potion of brilliance {unknown}
 n - 2 potions of curing
 r - a potion of cancellation {unknown}
 s - a potion of berserk rage {unknown}


   Skills:
 + Level 1.3 Fighting
 + Level 4.1 Dodging
 + Level 3.8 Stealth
 + Level 9.9 Spellcasting


You had 8 spell levels left.
You knew the following spells:

 Your Spells              Type           Power      Damage    Failure   Level
a - Shock                 Conj/Air       100%       1d9       1%          1
b - Static Discharge      Conj/Air       49%        N/A       1%          2
c - Swiftness             Air            49%        N/A       1%          3
d - Airstrike             Air            24%        N/A       1%          4
e - Slow                  Hex            100%       N/A       1%          1
f - Call Imp              Summ           49%        N/A       1%          2
g - Frozen Ramparts       Ice            98%        1d11      1%          3
h - Leda's Liquefaction   Hex/Erth       24%        N/A       1%          4
Your spell library was empty.

Dungeon Overview and Level Annotations

Branches:
Dungeon (7/15)
 Temple: D:4-7

Altars:
Yredelemnul

Shops:
D:2 [   D:3 :

Annotations:
D:2 1 runed translucent door, Crazy Yiuf
D:5 3 runed translucent doors, Lemuel's ghost, novice TrHu


Innate Abilities, Weirdness & Mutations

You are immune to sickness and miasma.
You are immune to poison.
Your flesh is very heat resistant. (rF++)
You are vulnerable to cold. (rC-)
You float through the air rather than walking.
You learn spells naturally, not from books.
Your magical power is your life essence.
You have superior vitality. (+4 MHP)


Message History

* * * LOW HITPOINT WARNING * * *
A gnoll sergeant comes into view. It is wielding a +2 spear of freezing.
Okay, then.
Casting: Airstrike (dangerous; 1% risk of failure)
Confirm with . or Enter, or press ? or * to list all spells.
Casting: Frozen Ramparts (safe; 1% risk of failure)
Press: ? - help, Dir - look around, f - activate The walls around you are covered in ice.
* * * LOW HITPOINT WARNING * * *
Aiming: Shock (safe; 1% risk of failure)
Press: ? - help, Q - select action, (/) - cycle Shift-Dir - straight line, f - gnoll sergeant
Aim: a gnoll sergeant, wielding a +2 spear of freezing, wearing a +0 ring mail and wearing a +0 kite shield (84% to hit)
The zap hits the gnoll sergeant.
The gnoll sergeant is lightly wounded.
* * * LOW HITPOINT WARNING * * *
Aiming: Shock (safe; 1% risk of failure)
Press: ? - help, Q - select action, (/) - cycle Shift-Dir - straight line, f/p - gnoll sergeant
Aim: a gnoll sergeant, wielding a +2 spear of freezing, wearing a +0 ring mail and wearing a +0 kite shield (lightly wounded, 84% to hit)
The zap hits the gnoll sergeant but does no damage.
The gnoll sergeant is lightly wounded.
* * * LOW HITPOINT WARNING * * *
Aiming: Shock (safe; 1% risk of failure)
Press: ? - help, Q - select action, (/) - cycle Shift-Dir - straight line, f/p - gnoll sergeant
Aim: a gnoll sergeant, wielding a +2 spear of freezing, wearing a +0 ring mail and wearing a +0 kite shield (lightly wounded, 84% to hit)
The zap hits the gnoll sergeant.
The gnoll sergeant is moderately wounded.
* * * LOW HITPOINT WARNING * * *
Aiming: Shock (safe; 1% risk of failure)
Press: ? - help, Q - select action, (/) - cycle Shift-Dir - straight line, f/p - gnoll sergeant
Aim: a gnoll sergeant, wielding a +2 spear of freezing, wearing a +0 ring mail and wearing a +0 kite shield (moderately wounded, 84% to hit)
The zap hits the gnoll sergeant.
The gnoll sergeant is moderately wounded.
* * * LOW HITPOINT WARNING * * *
You feel better.
A gnoll comes into view. It is wielding a +0 club.
The wall freezes the gnoll sergeant!
The gnoll sergeant hits you from afar with a +2 spear of freezing!
* * * LOW HITPOINT WARNING * * *
The gnoll sergeant freezes you.
You die...

.#.#.#.##########.#.#....##.#<...
...........[....#)#.#....##.#....
.#.#.#.#......)...#.#.......#.###
.#.#.#.#.######)###.#.......#..
.#<..#...#..........#.......###
.#.#.#####.####.########.##
.#.###...#.####.########
.#.....#.#..............
.#######.#######@#######
.........# #.## ...####### #g.#
...# ##.## ...# #..# ...# ##.#
...# #........# ...# #.g......#
...# .........#


You could see a gnoll sergeant and a gnoll.

Vanquished Creatures
  Joseph (D:7)
  Sigmund (D:6)
  Eustachio (D:6)
  Duvessa (D:6)
  A sky beast (D:5)
  4 black bears
  An orc warrior (D:7)
  5 ogres
  A necrophage (D:4)
  A centaur (D:5)
  Blork the orc (D:6)
  A bullfrog (D:7)
  A scorpion (D:4)
  A water moccasin skeleton (D:6)
  Dowan (D:6)
  5 wights (D:6)
  A bullfrog zombie (D:5)
  3 hounds
  A bullfrog skeleton (D:5)
  4 orc priests
  Jessica (D:2)
  2 orc wizards
  A scorpion zombie (D:5)
  2 iguanas
  Natasha (thrice) (D:2)
  Ijyb (D:3)
  A hound zombie (D:5)
  2 hound skeletons (D:4)
  9 adders
  5 gnolls
  A white imp (D:6)
  An ufetubus (D:5)
  13 orcs
  6 ball pythons
  3 endoplasms
  A giant cockroach (D:1)
  7 goblins
  5 hobgoblins
  4 jackals (D:1)
  4 quokkas
  2 bats (D:2)
  2 frilled lizards
  11 kobolds
  6 rats
129 creatures vanquished.

Vanquished Creatures (others)
  7 plants (D:4)
7 creatures vanquished.

Grand Total: 136 creatures vanquished

Notes
Turn   | Place    | Note
-------+----------+-------------------------------------------
     0 | D:1      | Plasmagod the Djinni Air Elementalist began the quest for
                  | the Orb.
     0 | D:1      | Reached XP level 1. HP: 15/15 MP: 0/0
   304 | D:1      | Reached XP level 2. HP: 19/21 MP: 0/0
   776 | D:1      | Reached skill level 3 in Spellcasting
  1199 | D:1      | Reached XP level 3. HP: 22/25 MP: 0/0
  1199 | D:1      | Learned a level 1 spell: Slow
  1333 | D:2      | Reached XP level 4. HP: 18/31 MP: 0/0
  1525 | D:2      | Found a faded altar of an unknown god.
  1596 | D:2      | Found Xeycs's Antique Armour Boutique.
  1744 | D:2      | Noticed Jessica
  1755 | D:2      | Killed Jessica
  1756 | D:2      | Reached XP level 5. HP: 17/35 MP: 0/0
  1756 | D:2      | Learned a level 2 spell: Call Imp
  2004 | D:2      | Found a runed translucent door.
  2005 | D:2      | Noticed Crazy Yiuf
  2072 | D:2      | Noticed Natasha
  2080 | D:2      | Killed Natasha
  2081 | D:2      | Reached skill level 4 in Spellcasting
  2476 | D:2      | Noticed Natasha
  2487 | D:2      | Killed Natasha
  2794 | D:2      | Noticed Natasha
  2803 | D:2      | Killed Natasha
  2804 | D:2      | Reached XP level 6. HP: 30/40 MP: 0/0
  3459 | D:3      | Found Eruunoyr's Book Boutique.
  3880 | D:4      | Noticed a necrophage
  3890 | D:4      | Killed a necrophage
  3891 | D:4      | Reached skill level 5 in Spellcasting
  3891 | D:4      | Reached XP level 7. HP: 29/45 MP: 0/0
  3891 | D:4      | Learned a level 3 spell: Frozen Ramparts
  4105 | D:4      | Noticed Ijyb
  4118 | D:3      | Killed Ijyb
  4352 | D:4      | Reached skill level 6 in Spellcasting
  4637 | D:4      | Reached XP level 8. HP: 43/51 MP: 0/0
  5097 | D:5      | Entered Level 5 of the Dungeon
  5595 | D:5      | Reached skill level 7 in Spellcasting
  5928 | D:5      | Found a runed translucent gate.
  5928 | D:5      | Found a runed translucent gate.
  5928 | D:5      | Found a runed translucent gate.
  5928 | D:5      | Noticed Lemuel's ghost (novice TrHu)
  5930 | D:5      | Found a basalt altar of Yredelemnul.
  6233 | D:5      | Reached skill level 1 in Fighting
  6233 | D:5      | Reached XP level 9. HP: 47/57 MP: 0/0
  6233 | D:5      | Learned a level 4 spell: Leda's Liquefaction
  6973 | D:6      | Reached skill level 8 in Spellcasting
  7107 | D:6      | Noticed Blork the orc
  7112 | D:6      | Killed Blork the orc
  7587 | D:6      | Noticed Sigmund
  7594 | D:6      | Killed Sigmund
  7819 | D:6      | Noticed Eustachio
  7828 | D:6      | Killed Eustachio
  7829 | D:6      | Reached skill level 9 in Spellcasting
  7986 | D:6      | Noticed Duvessa
  7986 | D:6      | Noticed Dowan
  7990 | D:6      | Killed Dowan
  7997 | D:6      | Killed Duvessa
  8377 | D:7      | Reached XP level 10. HP: 38/62 MP: 0/0
  8532 | D:7      | Noticed Joseph
  8537 | D:7      | Killed Joseph
  8549 | D:7      | HP: 3/62 [gnoll sergeant/+2 spear of freezing (7)]
  8549 | D:7      | Slain by a gnoll sergeant

Illustrated notes

Levels and vault maps discovered:
D:1:      minmay_arrival_open_corners, layout_rooms
D:2:      layout_basic, ebering_ecumenical_altar_box, serial_shops,
          nicolae_shop_advertising_works [nicolae_subvault_shop_adworks],
          uniq_jessica, uniq_crazy_yiuf_cottage, uniq_natasha
D:3:      layout_rooms, serial_shops, nicolae_shop_behind_doors,
          nrook_mini_vaults
D:4:      layout_rooms, serial_forest, infiniplex_forest_lined_room_3,
          infiniplex_forest_clump_curved, infiniplex_forest_clump_long,
          infiniplex_forest_clump_curved, infiniplex_forest_corner_1,
          infiniplex_forest_lined_corner, uniq_ijyb
D:5:      layout_layer_cave, nicolae_yredelemnul_ghost_church,
          serial_bayou_pond_e
D:6:      layout_loops_ring, uniq_eustachio, uniq_blork_the_orc, uniq_sigmund,
          uniq_duvessa
D:7:      layout_basic, minmay_temple_entry_statues_pillars, serial_shops,
          nicolae_shop_crystal, uniq_joseph

Skill      XL: |  1  2  3  4  5  6  7  8  9 |
---------------+----------------------------+-----
Spellcasting   | 3 4 5 6 7 9 |  9.9
Stealth        | 2 3 |  3.8
Dodging        | 3 4 |  4.1
Fighting       | 1 |  1.3

Action                   |  1- 3 |  4- 6 |  7- 9 | 10-12 || total
-------------------------+-------+-------+-------+-------++-------
Melee: Unarmed           |       |     1 |       |       ||     1
       Dagger            |       |       |     5 |       ||     5
 Cast: Shock             |    52 |    99 |   159 |     7 ||   317
       Static Discharge  |     2 |     6 |    20 |       ||    28
       Swiftness         |       |     1 |       |       ||     1
       Call Imp          |       |     3 |       |       ||     3
       Slow              |       |     2 |     3 |       ||     5
       Airstrike         |       |       |    30 |     6 ||    36
       Frozen Ramparts   |       |       |     4 |     1 ||     5
       Leda's Liquefacti |       |       |     3 |       ||     3
  Use: Potion            |       |       |       |     1 ||     1
Armor: Robe              |     3 |     6 |     9 |       ||    18
Dodge: Dodged            |     8 |     9 |    13 |     1 ||    31
